 Dungeon Crawl Stone Soup version 0.30-a0-738-g116ff8c4af (webtiles) character file.

Game seed: 13373006202726664686

87185 jasper the Devastator (level 15, -5/92 HPs)
             Began as a Tengu Air Elementalist on Feb 3, 2023.
             Was a High Priest of Vehumet.
             Slain by a two-headed ogre
             ... wielding a +0 giant club
              (30 damage)
             ... on level 1 of the Orcish Mines.
             The game lasted 01:09:13 (32298 turns).

jasper the Devastator (Tengu Air Elementalist)     Turns: 32298, Time: 01:09:13

Health: -5/92      AC: 13    Str: 10    XL:     15   Next: 89%
Magic:  20/34      EV: 20    Int: 27    God:    Vehumet [*****.]
Gold:   1496       SH:  0    Dex: 15    Spells: 6/42 levels left

rFire   . . .      SeeInvis .    w - +3 trident (venom)
rCold   . . .      Faith    .    (no shield)
rNeg    . . .      Spirit   .    N - +0 troll leather armour
rPois   .          Reflect  .    a - +2 hat
rElec   .          Harm     .    x - +0 cloak
rCorr   .          Rampage  .    E - +0 pair of gloves
Will    +....                    (boots unavailable)
Stlth   ++                       r - amulet of regeneration
HPRegen 1.95/turn                n - +4 ring of protection
MPRegen 0.24/turn                l - +6 ring of intelligence

@: flying quickly and evasively, quick
A: beak, talons 3, nimble flight
a: Renounce Religion


You were on level 1 of the Orcish Mines.
You worshipped Vehumet.
Vehumet was extremely pleased with you.
You visited 5 branches of the dungeon, and saw 23 of its levels.

You collected 1936 gold pieces.
You spent 440 gold pieces at shops.

Inventory:

Hand Weapons
 w - a +3 trident of venom (weapon)
Missiles
 e - 4 throwing nets
 g - 27 poisoned darts
 z - 3 datura-tipped darts
 V - 5 curare-tipped darts
Armour
 a - a +2 hat (worn)
 x - a +0 cloak (worn)
 E - a +0 pair of gloves (worn)
 N - a +0 troll leather armour (worn)
 W - +0 ice dragon scales
Jewellery
 f - a ring of wizardry
 i - a ring of see invisible
 l - a +6 ring of intelligence (right hand)
 n - a +4 ring of protection (left hand)
 o - a ring of ice
 r - an amulet of regeneration (around neck)
 t - a +4 ring of protection
 A - a ring of resist corrosion
 J - a ring of protection from fire
 M - a ring of protection from cold
Wands
 c - a wand of polymorph (4)
 p - a wand of flame (28)
 v - a wand of charming (9)
 B - a wand of roots (23)
 D - a wand of quicksilver (11)
 P - a wand of mindburst (7)
 S - a wand of digging (6)
Scrolls
 j - 4 scrolls of teleportation
 q - 3 scrolls of fear
 u - 2 scrolls of poison
 C - 2 scrolls of vulnerability
 F - 2 scrolls of fog
 G - 4 scrolls of identify
 H - 2 scrolls of magic mapping
 T - 2 scrolls of immolation
 U - a scroll of summoning
 X - a scroll of enchant weapon
 Y - 2 scrolls of blinking
 Z - a scroll of brand weapon
Potions
 b - 3 potions of magic
 d - 2 potions of mutation
 k - 4 potions of haste
 m - 5 potions of might
 s - 2 potions of invisibility
 I - 2 potions of brilliance
 K - 5 potions of ambrosia
 L - 6 potions of resistance
 O - 3 potions of flight
 Q - a potion of attraction
 R - 4 potions of curing


   Skills:
 - Level 10.0 Fighting
 - Level 4.0 Armour
 - Level 10.4 Dodging
 - Level 2.0 Stealth
 - Level 14.0 Spellcasting
 - Level 18.0 Conjurations
 - Level 3.0 Summonings
 + Level 16.3 Air Magic
 - Level 4.0 Poison Magic


You had 6 spell levels left.
You knew the following spells:

 Your Spells              Type           Power      Damage    Failure   Level
a - Shock                 Conj/Air       100%       1d9       0%          1
b - Static Discharge      Conj/Air       100%       2-7/arc   0%          2
c - Swiftness             Air            82%        N/A       0%          3
d - Summon Lightning Spi  Summ/Air       63%        N/A       1%          4
e - Apportation           Tloc           36%        N/A       3%          1
f - Olgreb's Toxic Radia  Pois           40%        N/A       1%          4
g - Airstrike             Air            41%        2d(6-22)  1%          4
h - Passwall              Tmut/Erth      15%        N/A       5%          2
i - Orb of Destruction    Conj           43%        9d12      1%          7
j - Maxwell's Capacitive  Air            41%        ∞         9%          8

Your spell library contained the following spells:

 Spells                   Type           Power      Damage    Failure   Level
 Freezing Cloud           Conj/Ice/Air   34%        6-21      1%          5
 Sting                    Tmut/Pois      100%       1d8       1%          1
 Summon Small Mammal      Summ           100%       N/A       1%          1
 Poisonous Vapours        Pois/Air       100%       N/A       1%          2
 Necrotise                Necr           72%        1d7       3%          1
 Call Canine Familiar     Summ           35%        N/A       3%          3
 Ensorcelled Hibernation  Hex/Ice        36%        N/A       5%          2
 Summon Guardian Golem    Hex/Summ       27%        N/A       6%          3
 Animate Dead             Necr           18%        N/A       36%         4
 Borgnjor's Vile Clutch   Necr/Erth      9%         N/A       71%         5
 Metabolic Englaciation   Hex/Ice        9%         N/A       71%         5
 Death Channel            Necr           9%         N/A       99%         6
 Spellforged Servitor     Conj/Summ      33%        N/A       11%         7
 Storm Form               Tmut/Air       29%        N/A       73%         7


Dungeon Overview and Level Annotations

Branches:
Dungeon (14/15)            Temple (1/1) D:4            Lair (5/5) D:11
  Swamp (0/4) Lair:3       Spider (0/4) Lair:3        Slime (1/5) Lair:4
    Orc (2/2) D:11         Vaults (0/5) D:13
    Elf: Orc:2

Altars:
Ashenzari
Cheibriados
Dithmenos
Elyvilon
Fedhas
Gozag
Hepliaklqana
Kikubaaqudgha
Makhleb
Nemelex Xobeh
Okawaru
Qazlal
Ru
Sif Muna
Trog
Uskayaw
Vehumet
Wu Jian
Xom
Yredelemnul
Zin
The Shining One
Jiyva

Shops:
D:10 :   D:11 (

Portals:
Trove: D:10 (give 20 potions of curing)

Annotations:
Lair:3 2 transporters
Lair:5 2 transporters, TheSexyCheese's ghost, journeyman TrFi
Orc:1 3 runed translucent doors, exclusion: oklob plant, cheesebisquit's ghost, journeyman GrEE


Innate Abilities, Weirdness & Mutations

You have a beak for a mouth.
You have claws for feet.
Your magical nature lets you fly swiftly and evasively.


Message History

You kill the ogre!
Vehumet accepts your kill.
You feel your power returning. The cyclops closely misses you.
The ogre barely misses you.
A two-headed ogre comes into view. It is wielding two +0 giant clubs.
You regained 2 hp, and now have 30/92 hp.
You now have 21/34 mp.
The cyclops looks even sicker.
The two-headed ogre shouts in stereo!
The two-headed ogre is poisoned.
The two-headed ogre looks even sicker.
The ogre mage looks even sicker.
The ogre looks even sicker.
Your toxic aura wanes.
The two-headed ogre barely misses you.
The two-headed ogre hits you with a +0 dire flail!
* * * LOW HITPOINT WARNING * * *
The ogre mage mumbles some strange words.
The ogre mage flickers and vanishes!
Deactivating autopickup; reactivate with Ctrl-A.
You fly upwards.
Level annotation: 3 runed translucent doors, exclusion: oklob plant, cheesebisquit's ghost, journeyman GrEE Reactivating autopickup.
There is a stone staircase leading down here.
You take 2 damage, and have 28/92 hp.
Casting: Olgreb's Toxic Radiance (mildly dangerous; 1% risk of failure)
Confirm with . or Enter, or press ? or * to list all spells.
You don't know that spell.
Casting: Olgreb's Toxic Radiance (mildly dangerous; 1% risk of failure)
Confirm with . or Enter, or press ? or * to list all spells.
The ogre is struck by an arc of lightning.
The ogre is severely wounded.
The two-headed ogre is struck by an arc of lightning.
The two-headed ogre is almost dead.
The lightning grounds out.
Something is struck by an arc of lightning.
You are struck by an arc of lightning.
* * * LOW HITPOINT WARNING * * *
Something is struck by an arc of lightning!
The lightning grounds out.
The ogre barely misses you.
The two-headed ogre hits you with a +0 giant club!!
You die...

#.........#..#.##........##.####.
##..........>...#........#...#...
##.##....#..)........#...#......
#####.###...[......###.##....##
####.#.#..#.....#.####....#
##....#...........#.###.##
#.........)..........####
##....#.OO..........## #
##.##..[@...........# ##
###.#...)C.......##.## ##.
##...............##### ##.#
#...............## #...
##.###...........### ##.# ###
#..........##.## ###
##.##...#......# ###...###.##.##
##.####.####


You could see a two-headed ogre (very poisoned), a cyclops (very poisoned) and
an ogre (very poisoned).

Vanquished Creatures
  Gastronok (D:12)
  Kirke (Lair:4)
  An orc warlord (D:11)
  Nessos (D:13)
  Josephine (D:11)
  Harold (D:11)
  Erolcha (D:13)
  4 vault guards (D:13)
  7 hydras
  A catoblepas (Lair:5)
  8 two-headed ogres
  2 boulder beetles (D:13)
  An ogre mage (Orc:2)
  6 death yaks
  Sonja (Lair:3)
  Nergalle (D:11)
  2 goliath frogs (Lair:5)
  An orb spider (Lair:3)
  A bog body (Lair:3)
  A deep troll (Orc:1)
  An orc knight (D:11)
  A manticore (D:11)
  An orc sorcerer (D:11)
  2 ugly things
  2 cyclopes
  10 elephants
  3 torpor snails
  5 black mambas
  2 unseen horrors
  15 cane toads
  7 gargoyles
  4 rime drakes
  2 ice devils (Lair:4)
  7 komodo dragons
  4 polar bears
  2 tyrant leeches (Lair:5)
  11 trolls
  40 blink frogs
  Prince Ribbit (D:5)
  A blink frog (shapeshifter) (D:13)
  3 dream sheep (Lair:3)
  Sigmund (D:6)
  7 slime creatures
  47 yaks
  A hog (Lair:4)
  8 wraiths
  2 dire elephant simulacra (Lair:4)
  4 basilisks
  3 wyverns
  2 wargs (Orc:1)
  A steam dragon (D:9)
  7 vampire mosquitoes
  14 water moccasins
  6 acid dragons
  A sky beast (D:7)
  7 black bears
  An ice beast (D:5)
  10 orc warriors
  15 ogres
  10 centaurs
  25 wolves
  A phantom (D:7)
  13 bullfrogs
  A necrophage (D:6)
  A scorpion (D:4)
  A two-headed ogre simulacrum (Lair:4)
  5 wights (D:7)
  3 killer bees (D:11)
  3 howler monkeys
  3 electric eels
  2 crimson imps (D:5)
  5 jellies
  5 orc priests
  Crazy Yiuf (D:3)
  3 hounds (D:5)
  A gnoll bouda (D:5)
  Jessica (D:3)
  14 orc wizards
  Terence (D:2)
  Natasha (twice) (D:2)
  3 iguanas
  2 polar bear simulacra (Lair:4)
  A wolf simulacrum (Lair:4)
  10 adders
  11 gnolls
  2 shadow imps (D:6)
  2 white imps
  2 worms (D:2)
  A dart slug (D:1)
  49 orcs
  11 ball pythons
  7 endoplasms
  2 giant cockroaches
  6 goblins
  6 hobgoblins
  4 jackals
  2 quokkas
  11 bats
  4 frilled lizards
  A goblin zombie (D:6)
  4 hobgoblin zombies (D:6)
  6 kobolds
  4 orc skeletons (D:6)
  7 rats
563 creatures vanquished.

Vanquished Creatures (collateral kills)
  An ice dragon (Lair:4)
  2 two-headed ogres
  A death yak (Lair:3)
  An orc sorcerer (Orc:1)
  A cyclops (D:11)
  6 blink frogs
  A vampire (D:10)
  10 yaks
  3 hogs (Lair:4)
  A warg (Orc:1)
  2 water moccasins (Lair:4)
  An orc warrior (Orc:1)
  4 ogres
  A black bear (D:5)
  A phantom (D:6)
  2 bullfrogs
  2 crimson imps (D:5)
  2 orc priests (Orc:1)
  2 orc wizards (Orc:1)
  A white imp (D:5)
  3 orcs (D:6)
  A jackal (D:5)
49 creatures vanquished.

Vanquished Creatures (others)
  32 fungi
  112 plants
144 creatures vanquished.

Grand Total: 756 creatures vanquished

Notes
Turn   | Place    | Note
-------+----------+-------------------------------------------
     0 | D:1      | jasper the Tengu Air Elementalist began the quest for the
                  | Orb.
     0 | D:1      | Reached XP level 1. HP: 10/10 MP: 4/4
   200 | D:1      | Reached XP level 2. HP: 15/15 MP: 0/6
   206 | D:1      | Learned a level 2 spell: Static Discharge
   216 | D:1      | Reached skill level 2 in Conjurations
   688 | D:1      | Reached XP level 3. HP: 19/19 MP: 1/7
   706 | D:1      | Learned a level 3 spell: Swiftness
  1776 | D:2      | Reached skill level 3 in Conjurations
  1826 | D:2      | Reached skill level 5 in Air Magic
  1826 | D:2      | Reached XP level 4. HP: 24/24 MP: 3/9
  2360 | D:2      | Noticed Natasha
  2366 | D:2      | Killed Natasha
  2367 | D:2      | Gained mutation: Your magical nature lets you fly swiftly
                  | and evasively. [Tengu growth]
  2367 | D:2      | Reached XP level 5. HP: 16/28 MP: 8/10
  2422 | D:2      | Noticed Natasha
  2433 | D:2      | Killed Natasha
  2434 | D:2      | Reached skill level 4 in Conjurations
  2541 | D:2      | Noticed Terence
  2550 | D:2      | Killed Terence
  2651 | D:2      | Learned a level 4 spell: Summon Lightning Spire
  3639 | D:3      | Reached skill level 1 in Summonings
  3639 | D:3      | Reached XP level 6. HP: 32/32 MP: 8/12
  3846 | D:3      | You are sucked into a shaft and drop 1 floor!
  3869 | D:4      | Found a staircase to the Ecumenical Temple.
  4033 | Temple   | Entered the Ecumenical Temple
  4095 | D:4      | Reached skill level 5 in Conjurations
  4250 | D:4      | Learned a level 1 spell: Apportation
  4906 | D:3      | Found a radiant altar of Vehumet.
  4911 | D:3      | Became a worshipper of Vehumet
  4931 | D:3      | Noticed Jessica
  4934 | D:3      | Killed Jessica
  4935 | D:3      | Reached XP level 7. HP: 36/36 MP: 9/13
  4973 | D:3      | Found a snail-covered altar of Cheibriados.
  5009 | D:3      | Found a runed translucent door.
  5010 | D:3      | Noticed Crazy Yiuf
  5532 | D:5      | Entered Level 5 of the Dungeon
  6118 | D:5      | Reached skill level 1 in Fighting
  6118 | D:5      | Reached skill level 6 in Conjurations
  6389 | D:5      | Reached XP level 8. HP: 21/45 MP: 8/14
  6600 | D:5      | Found a shimmering altar of Xom.
  7170 | D:5      | Noticed Prince Ribbit
  7306 | D:6      | Reached * piety under Vehumet
  7306 | D:6      | Offered knowledge of Sandblast by Vehumet.
  7307 | D:6      | Reached skill level 7 in Conjurations
  7548 | D:6      | Reached XP level 9. HP: 36/53 MP: 0/15
  7612 | D:6      | Reached skill level 5 in Fighting
  7946 | D:6      | Found a glowing golden altar of the Shining One.
  8172 | D:6      | Noticed Sigmund
  8185 | D:6      | Killed Sigmund
  8214 | D:6      | Learned a level 4 spell: Olgreb's Toxic Radiance
  8246 | D:6      | Reached skill level 1 in Poison Magic
  8474 | D:7      | Noticed a gargoyle
  8630 | D:5      | Killed Prince Ribbit
  8723 | D:5      | Found a shadowy altar of Dithmenos.
  9051 | D:3      | Killed Crazy Yiuf
  9247 | D:7      | Reached skill level 8 in Conjurations
  9256 | D:7      | Reached skill level 5 in Dodging
  9276 | D:7      | Reached XP level 10. HP: 36/60 MP: 4/18
  9278 | D:7      | Reached skill level 5 in Spellcasting
  9422 | D:7      | Learned a level 4 spell: Airstrike
  9427 | D:7      | Offered knowledge of Kiss of Death by Vehumet.
  9430 | D:7      | Reached ** piety under Vehumet
  9890 | D:7      | Reached skill level 10 in Air Magic
  9946 | D:7      | Identified the +2 robe of the Eternal Fruit {-Tele rElec
                  | rPois Slay+3}
  9950 | D:7      | Found a shimmering blue altar of Sif Muna.
 10633 | D:8      | Identified the +2 leather armour of Piukich {rPois Str+3
                  | Int-2 Dex+3}
 10648 | D:8      | Found an opulent altar of Gozag.
 10704 | D:8      | Found a glowing silver altar of Zin.
 10887 | D:8      | Noticed a gargoyle
 10894 | D:8      | Killed a gargoyle
 11023 | D:8      | Noticed a gargoyle
 11033 | D:8      | Killed a gargoyle
 11132 | D:8      | Noticed a gargoyle
 11142 | D:8      | Killed a gargoyle
 11279 | D:8      | Noticed a gargoyle
 11287 | D:8      | Killed a gargoyle
 11287 | D:8      | Offered knowledge of Searing Ray by Vehumet.
 11369 | D:8      | Noticed a gargoyle
 11374 | D:8      | Killed a gargoyle
 11673 | D:9      | Noticed a two-headed ogre
 11679 | D:9      | Killed a two-headed ogre
 11680 | D:9      | Reached XP level 11. HP: 67/67 MP: 9/21
 12889 | D:9      | Found a broken altar of Ashenzari.
 13110 | D:10     | Entered Level 10 of the Dungeon
 13184 | D:10     | Found a portal to a secret trove of treasure.
 13601 | D:10     | Learned a level 2 spell: Passwall
 13666 | D:10     | Found a hazy altar of Hepliaklqana.
 13948 | D:10     | Reached *** piety under Vehumet
 14015 | D:10     | Noticed a two-headed ogre
 14027 | D:10     | Killed a two-headed ogre
 14316 | D:10     | Found Zupen's Book Shop.
 14438 | D:10     | Bought a book of Dangerous Friends for 440 gold pieces
 14808 | D:11     | Noticed a manticore
 15172 | D:11     | Found Degeso Bywi's Weapon Boutique.
 15173 | D:11     | Found a staircase to the Orcish Mines.
 15214 | D:11     | Reached skill level 1 in Armour
 15339 | D:11     | Offered knowledge of Hailstorm by Vehumet.
 15366 | D:11     | Noticed Josephine
 15661 | D:11     | Killed a manticore
 15864 | D:11     | Noticed Harold
 15864 | D:11     | Noticed a cyclops
 15876 | D:11     | Killed Harold
 15877 | D:11     | Reached XP level 12. HP: 72/75 MP: 0/24
 16025 | Orc:1    | Entered Level 1 of the Orcish Mines
 16064 | D:11     | Reached skill level 9 in Conjurations
 16161 | Orc:1    | Noticed an orc warlord
 16308 | D:11     | Found a staircase to the Lair.
 16358 | Lair:1   | Entered Level 1 of the Lair of Beasts
 16367 | Lair:1   | Reached **** piety under Vehumet
 16553 | Lair:1   | Offered knowledge of Flame Wave by Vehumet.
 17534 | Lair:1   | Reached skill level 10 in Conjurations
 17539 | Lair:1   | Reached skill level 10 in Dodging
 17644 | Lair:1   | Learned a level 7 spell: Orb of Destruction
 18706 | Lair:2   | Reached skill level 10 in Fighting
 18971 | Lair:2   | Found a shimmering altar of Xom.
 18975 | Lair:2   | Reached skill level 11 in Conjurations
 18975 | Lair:2   | Reached XP level 13. HP: 82/82 MP: 17/27
 19669 | Lair:3   | Reached ***** piety under Vehumet
 19670 | Lair:3   | Offered knowledge of Irradiate by Vehumet.
 19791 | Lair:3   | Found a staircase to the Swamp.
 19909 | Lair:3   | Reached skill level 12 in Conjurations
 20095 | Lair:3   | Reached skill level 10 in Spellcasting
 20311 | Lair:3   | Reached skill level 13 in Conjurations
 20452 | Lair:3   | Found a transporter.
 20540 | Lair:3   | Found a transporter.
 20901 | Lair:3   | Found a hole to the Spider Nest.
 20967 | Lair:3   | Noticed Sonja
 20973 | Lair:3   | Killed Sonja
 21803 | Lair:4   | Noticed Kirke
 21819 | Lair:4   | Reached skill level 14 in Conjurations
 21946 | Lair:4   | Noticed a sphinx
 21950 | Lair:4   | Killed Kirke
 22074 | Lair:4   | Found a viscous altar of Jiyva.
 22074 | Lair:4   | Found a staircase to the Slime Pits.
 22280 | Lair:4   | Reached XP level 14. HP: 88/88 MP: 2/30
 22704 | Lair:4   | Reached skill level 15 in Conjurations
 23435 | Slime:1  | Entered Level 1 of the Pits of Slime
 23609 | Lair:5   | Entered Level 5 of the Lair of Beasts
 23626 | Lair:5   | Offered knowledge of Ozocubu's Refrigeration by Vehumet.
 24177 | Lair:5   | Reached skill level 16 in Conjurations
 24529 | Lair:5   | HP: 3/88 [cane toad (17)]
 25215 | Lair:5   | Reached skill level 17 in Conjurations
 25942 | Lair:5   | Offered knowledge of Freezing Cloud by Vehumet.
 26193 | Lair:5   | Found a transporter.
 26202 | Lair:5   | Found a transporter.
 26203 | Lair:5   | Noticed TheSexyCheese's ghost (journeyman TrFi)
 26214 | Lair:5   | Reached XP level 15. HP: 92/92 MP: 25/33
 27581 | D:12     | Noticed Gastronok
 27609 | D:12     | Killed Gastronok
 27988 | D:12     | Got the Enchiridion on Refrigeration
 28020 | D:12     | Reached skill level 18 in Conjurations
 28430 | D:13     | Noticed Erolcha
 28432 | D:13     | Killed Erolcha
 28881 | D:13     | Found a gate to the Vaults.
 29029 | D:13     | Noticed Nessos
 29040 | D:13     | Killed Nessos
 29877 | D:13     | Learned a level 8 spell: Maxwell's Capacitive Coupling
 30040 | D:11     | Killed an orc warlord
 30127 | D:11     | Killed Josephine
 30445 | D:11     | Noticed Nergalle
 30455 | D:11     | Killed Nergalle
 30691 | Orc:1    | Reached skill level 15 in Air Magic
 31198 | Orc:1    | Found a runed translucent gate.
 31199 | Orc:1    | Found a runed translucent gate.
 31200 | Orc:1    | Found a runed translucent gate.
 31202 | Orc:1    | Noticed cheesebisquit's ghost (journeyman GrEE)
 31312 | Orc:2    | Entered Level 2 of the Orcish Mines
 32298 | Orc:1    | Slain by a two-headed ogre

Illustrated notes

Levels and vault maps discovered:
D:1:      dpeg_arrival_orchard, layout_loops_ring
D:2:      minmay_chambers_of_twos, layout_basic, uniq_terence, uniq_natasha
D:3:      layout_basic, nicolae_overflow_hidden_temple, vehumet_crystals,
          uniq_jessica, uniq_crazy_yiuf_cottage
D:4:      layout_gridville, minmay_temple_entry_purple_smoke,
          minmay_misc_feat_tiny
D:5:      minmay_opposing_rooms, layout_rooms, nicolae_dithmenos_the_darkroom,
          led_xom_imps, corexii_item_surrounded_by_moat, grunt_ministairs_6,
          uniq_prince_ribbit1
D:6:      layout_gridville, nicolae_tso_besieged_by_evil,
          cheibrodos_sewer_entry_drain, minivault_14, uniq_sigmund
D:7:      layout_rooms, lemuel_coloured_pillars_altar
D:8:      cheibrodos_statue_roulette, layout_basic, old_standard_altar,
          kennysheep_mini_moat
D:9:      layout_cave_pools, nicolae_ashenzari_skybound
D:10:     layout_loops_corners, lemuel_crystal_altar, enter_trove_6,
          kennysheep_windowed_goal
D:11:     layout_roguey, david_lair_generic, orc_david_3, kennysheep_nub,
          uniq_josephine, uniq_nergalle, uniq_harold
D:12:     layout_roguey, st_stairs_6, uniq_gastronok
D:13:     layout_long_grid, lightli_vaults_fourway_checkpoint, uniq_erolcha,
          uniq_nessos
D:14:     layout_loops_ring, nicolae_cairo_tiling, minmay_misc_feat_enclosed,
          pdpol_wu_jian_five_deadly_venoms
Temple:   nicolae_temple_no_exploring_needed
Lair:1:   layout_regular_city, nicolae_quartered_pool_little,
          lemuel_fruit_fields
Lair:2:   layout_regular_city, basic_altar, serial_bayou_lagoon_a
Lair:3:   gammafunk_boulding_lane, layout_loops_ring, skrybe_swamp_entry_bodies,
          nicolae_spider_entry_orb_guardian, minivault_19, uniq_sonja
Lair:4:   dreamdust_isle_of_ice, layout_cave_shapes, minmay_slime_entry_pillars,
          patterned_corridor, infiniplex_staircase_pool, lemuel_fruit_tree,
          uniq_kirke
Lair:5:   minmay_lair_end_frog_pond, layout_cave_pods, gammafunk_ghost_hive
Slime:1:  layout_caves
Orc:1:    layout_caves, ebering_ghost_rock_garden,
          nicolae_volcano_entry_hallway, mines3_lemuel
Orc:2:    st_orc_open, layout_caves, basic_altar

Skill      XL: |  1  2  3  4  5  6  7  8  9 10 11 12 13 14 15 |
---------------+----------------------------------------------+-----
Conjurations   | 2 3 4 5 6 7 8 11 14 17 18 | 18.0
Air Magic      | 5 6 7 8 9 11 12 16 | 16.3
Spellcasting   | 3 4 6 7 9 11 13 14 | 14.0
Summonings     | 1 2 3 |  3.0
Fighting       | 2 4 5 7 8 10 | 10.0
Dodging        | 3 4 5 7 8 10 | 10.4
Poison Magic   | 4 |  4.0
Armour         | 4 |  4.0
Stealth        | |  2.0

Action                     |  1- 3 |  4- 6 |  7- 9 | 10-12 | 13-15 || total
---------------------------+-------+-------+-------+-------+-------++-------
  Melee: Whip              |     8 |       |       |       |       ||     8
         Kick              |     6 |     5 |    12 |    12 |    56 ||    91
         Spear             |    13 |    33 |    41 |       |       ||    87
         Peck              |     2 |     2 |    10 |    13 |    38 ||    65
         Punch             |       |       |     2 |       |     2 ||     4
         Trident           |       |       |     7 |    52 |   150 ||   209
  Throw: Dart              |       |     3 |       |       |       ||     3
   Cast: Shock             |    74 |    84 |   199 |   175 |   246 ||   778
         Static Discharge  |       |     2 |     5 |    14 |    13 ||    34
         Apportation       |       |     1 |     5 |     3 |       ||     9
         Summon Lightning  |       |       |     7 |    10 |    23 ||    40
         Olgreb's Toxic Ra |       |       |     9 |    53 |   104 ||   166
         Airstrike         |       |       |       |   120 |   250 ||   370
         Orb of Destructio |       |       |       |       |    47 ||    47
         Maxwell's Capacit |       |       |       |       |     1 ||     1
  Evoke: Wand              |       |       |     2 |     3 |     7 ||    12
    Use: Scroll            |     2 |     5 |     3 |    10 |     7 ||    27
         Potion            |       |     1 |     1 |     2 |     3 ||     7
 Armour: Robe              |     9 |     4 |    11 |     5 |       ||    29
         Troll leather arm |       |       |       |    20 |   123 ||   143
  Dodge: Dodged            |    21 |    16 |    55 |   219 |   594 ||   905

Table legend: (Time is in decaauts)
 A = Elapsed time spent in this place.
 B = Non-inter-level travel time spent in this place.
 C = Inter-level travel time spent in this place.
 D = Time resting spent in this place.
 E = Time spent auto-exploring this place.
 F = Levels seen in this place.
 G = Mean time per level.
                   A        B        C        D        E       F      G
               +--------+--------+--------+--------+--------+-----+--------+
         Total |  31340 |  30167 |   1173 |   9448 |  16701 |  23 | 1362.6 |
       Dungeon |  19093 |  18257 |    836 |   6123 |   9719 |  14 | 1363.8 |
        Temple |      1 |      1 |      0 |      0 |      0 |   1 |    1.0 |
          Lair |  10615 |  10364 |    251 |   2670 |   6321 |   5 | 2123.0 |
    Slime Pits |      4 |      4 |      0 |      0 |      0 |   1 |    4.0 |
  Orcish Mines |   1625 |   1540 |     85 |    654 |    660 |   2 |  812.5 |
               +--------+--------+--------+--------+--------+-----+--------+

Top non-repeatable levels by time:
  Lair:5: 2886 daAuts
  Lair:4: 2676 daAuts
     D:5: 2130 daAuts
  Lair:3: 2005 daAuts
    D:11: 1998 daAuts
     D:2: 1931 daAuts
    D:10: 1821 daAuts
     D:3: 1585 daAuts
     D:9: 1549 daAuts
  Lair:1: 1529 daAuts
  Lair:2: 1517 daAuts
     D:8: 1508 daAuts
    D:13: 1286 daAuts
     D:6: 1277 daAuts
   Orc:1: 1176 daAuts
